 Dungeon Crawl Stone Soup version 0.25-a0-576-g50b708a4c4 (webtiles) character file.

Game seed: 13641920429125004368, levelgen mode: deterministic

57960 Flugslaktarn the Severer (level 14, -5/133 HPs)
             Began as a Deep Dwarf Fighter on Mar 1, 2020.
             Was a High Priest of Makhleb.
             Killed from afar by a merfolk aquamancer (19 damage)
             ... with a shard of ice
             ... on level 4 of the Shoals.
             The game lasted 00:10:15 (10958 turns).

Flugslaktarn the Severer (Deep Dwarf Fighter)      Turns: 10958, Time: 00:10:15

Health: -5/133     AC: 27    Str: 24    XL:     14   Next: 47%
Magic:  5/5        EV:  7    Int: 10    God:    Makhleb [*****.]
Gold:   1157       SH: 17    Dex: 12    Spells: 13/13 levels left

rFire    + . .     SeeInvis .   a - +6 broad axe (elec)
rCold    + + .     Gourm    .   F - +0 kite shield
rNeg     + . .     Faith    .   O - +2 plate armour {rC+}
rPois    .         Spirit   .   W - +2 helmet
rElec    .         Reflect  +   M - scarf {rC+ rF+}
rCorr    .         Harm     .   s - +2 pair of gloves
MR       +++..                  y - +1 pair of boots
Stlth    ..........             f - +4 amulet of reflection
HPRegen  0.00/turn              m - ring of protection from magic
MPRegen  0.09/turn              j - +3 ring of slaying

@: very slightly contaminated, non-regenerating, invisible, very slow
A: damage resistance, heal wounds, negative energy resistance 1, sense
surroundings 2, no regeneration
a: Heal Wounds, Minor Destruction, Lesser Servant of Makhleb, Major Destruction,
Greater Servant of Makhleb, Renounce Religion


You were on level 4 of the Shoals.
You worshipped Makhleb.
Makhleb was extremely pleased with you.
You were not hungry.

You visited 4 branches of the dungeon, and saw 19 of its levels.
You also visited: Ice Cave.

You collected 1157 gold pieces.

Inventory:

Hand Weapons
 a - a +6 broad axe of electrocution (weapon)
   (You acquired it on level 3 of the Lair of Beasts)
 b - a +2 hand axe of flaming
   (You took it off an orc priest on level 5 of the Dungeon)
Missiles
 p - 3 throwing nets (quivered)
Armour
 s - a +2 pair of gloves (worn)
   (You found it on level 7 of the Dungeon)
 y - a +1 pair of boots (worn)
   (You found it on level 6 of the Dungeon)
 F - a +0 kite shield (worn)
 G - a +0 chain mail
   (You took it off an orc on level 5 of the Dungeon)
 M - a scarf of resistance (worn)
   (You found it on level 2 of the Lair of Beasts)
 O - a +2 plate armour of cold resistance (worn)
   (You found it in an ice cave)
 W - a +2 helmet (worn)
   (You found it on level 4 of the Lair of Beasts)
Jewellery
 c - an uncursed ring of protection from cold
   (You found it on level 1 of the Lair of Beasts)
 f - a +4 amulet of reflection (around neck)
   (You found it on level 5 of the Dungeon)
 i - an uncursed ring of see invisible
   (You found it on level 4 of the Lair of Beasts)
 j - a +3 ring of slaying (right hand)
   (You found it on level 6 of the Lair of Beasts)
 m - a ring of protection from magic (left hand)
   (You found it on level 6 of the Dungeon)
Wands
 g - a wand of acid (9)
   (You found it on level 3 of the Dungeon)
 x - a wand of enslavement (16)
   (You found it on level 8 of the Dungeon)
 A - a wand of scattershot (9)
   (You found it on level 7 of the Dungeon)
 I - a wand of clouds (8)
   (You found it on level 1 of the Lair of Beasts)
 L - a wand of iceblast (23)
   (You found it on level 2 of the Lair of Beasts)
Scrolls
 l - a scroll of fear
 r - a scroll of identify
 t - 5 scrolls of teleportation
 z - a scroll of blinking
 C - a scroll of summoning
 J - a scroll of silence
 N - 2 scrolls of holy word
 T - 4 scrolls of fog
 V - 13 scrolls of remove curse
 Z - a scroll of immolation
Potions
 d - 2 potions of might
 h - 3 potions of haste
 k - 2 potions of lignification
 n - a potion of resistance
 o - 5 potions of magic
 q - 4 potions of curing
 u - 2 potions of brilliance {unknown}
 w - 7 potions of heal wounds
 B - a potion of cancellation
 D - a potion of mutation {unknown}
 H - 2 potions of degeneration {unknown}
 K - a potion of flight
 Q - 8 potions of stabbing
Comestibles
 e - 26 rations
 v - 7 chunks of flesh


   Skills:
 + Level 10.4 Fighting
 * Level 16.1 Axes
 + Level 12.1 Armour
 + Level 12.2 Shields
 + Level 11.7 Invocations


You had 13 spell levels left.
You didn't know any spells.
Your spell library was empty.

Dungeon Overview and Level Annotations

Branches:
Dungeon (8/15)             Temple (1/1) D:7            Lair (6/6) D:8
 Shoals (4/4) Lair:2        Snake (0/4) Lair:3        Slime (0/5) Lair:6
  IceCv (visited)

Altars:
Ashenzari
Cheibriados
Dithmenos
Elyvilon
Fedhas
Hepliaklqana
Kikubaaqudgha
Makhleb
Nemelex Xobeh
Okawaru
Qazlal
Ru
Trog
Uskayaw
Vehumet
Xom
Yredelemnul
Zin
The Shining One

Annotations:
Lair:4 exclusion: 3 oklob plants


Innate Abilities, Weirdness & Mutations

You are resistant to damage.
You can heal yourself by infusing magical energy.
You resist negative energy. (rN+)
You passively map the area around you.
You do not regenerate.


Message History

The merfolk aquamancer points at you and mumbles some strange words.
The torrent of water hits you!
* * * LOW HITPOINT WARNING * * *
The wave splashes down.
Splash!
You fall into the shallow water.
Moving in this stuff is going to be slow. ...and don't expect to remain undetected.
The faun unwields a +0 club.
The faun wields a +0 hunting sling.
The faun shoots a sling bullet.
The sling bullet hits you but does no damage.
You hear a splash.
You hear a shout!
You hear an angry hiss.
The merfolk aquamancer casts a spell at you.
The ball of steam hits you! You resist.
* * * LOW HITPOINT WARNING * * *
The faun unwields a +0 hunting sling.
The faun wields a +0 club.
The faun splashes around in the water.
The merfolk aquamancer gestures at you while chanting.
The shard of ice hits you!! You partially resist.
You die...

≈≈≈#≈≈≈≈P.PP## ##..###..
, ≈≈≈≈≈###P.PP#
#.......≈≈ , ,
≈≈≈≈≈#PPP≈..####.≈≈....≈≈
, ,
..≈≈≈≈≈P≈≈≈......≈≈≈≈≈≈≈≈
......≈≈≈≈(......≈PP...≈
≈ , *
.......≈≈≈≈≈.(..P..#..##P
≈ , .
.....≈≈≈≈≈≈.)≈m(P#...PP ≈
≈
,......≈≈≈≈..≈(m.(....P.
≈ ......≈≈≈...cc@(≈....##
....≈#PP...≈#§≈≈.φ...P ≈
, ...≈≈≈..(..P##....?.P ≈
, ##≈≈PP.)....P......., ,
≈≈≈≈(.##..PP...#PPP , ≈
,*≈≈≈≈(P P..P##..#..P ≈≈≈
, , .((..PP....,..P .. ,
....#PP......... , , ≈ ,
* ,... *PP≈....., ,,, ,


You could see 2 merfolk aquamancers and 2 fauns.

Vanquished Creatures
  5 merfolk javelineers
  A fire dragon (Lair:6)
  3 merfolk impalers
  An ice dragon (Lair:1)
  Harold (Lair:1)
  Erica (Lair:2)
  4 hydras
  2 catoblepae
  A merfolk aquamancer (Shoals:4)
  A two-headed ogre (D:8)
  2 satyrs (Shoals:4)
  3 death yaks (Lair:6)
  3 sea snakes
  A swamp dragon (Lair:6)
  A necromancer (IceCv)
  5 harpies (Shoals:3)
  Pikel (D:7)
  A lindwurm (Lair:6)
  4 manticores
  3 fauns (Shoals:4)
  Joseph (D:7)
  6 elephants (Lair:6)
  A black mamba (Lair:2)
  A water nymph (Shoals:4)
  2 ice statues (IceCv)
  7 spiny frogs
  Maggie (D:8)
  2 torpor snails (Lair:6)
  3 rime drakes
  6 komodo dragons
  4 ice devils (IceCv)
  11 merfolk
  6 wind drakes
  Prince Ribbit (D:8)
  Grinder (D:4)
  A snapping turtle (Shoals:4)
  9 dream sheep (Lair:6)
  6 hippogriffs
  49 yaks
  3 water elementals
  2 wyverns (Lair:4)
  Sigmund (D:4)
  3 basilisks
  Eustachio (D:4)
  2 nagas (Lair:3)
  2 vampire mosquitoes (Lair:6)
  4 acid dragons (Lair:6)
  An insubstantial wisp (Lair:6)
  6 water moccasins
  Duvessa (D:7)
  4 swamp drakes (Lair:6)
  13 porcupines
  2 slaves (D:7)
  2 sky beasts
  A black bear (D:8)
  2 phantoms (D:4)
  3 wolves (Lair:4)
  7 centaurs
  2 ogres
  9 crocodiles
  7 bullfrogs
  Blork the orc (D:4)
  2 scorpions
  Dowan (D:7)
  3 crimson imps
  3 bullfrog zombies
  2 jellies
  A centaur skeleton (D:8)
  A bullfrog skeleton (D:8)
  3 hounds
  An orc priest (D:5)
  2 orc wizards
  3 iguanas
  6 worker ants
  A troll simulacrum (IceCv)
  A killer bee zombie (D:7)
  A hound skeleton (D:6)
  9 adders
  4 gnolls (D:8)
  4 oozes (Lair:6)
  A worm (D:6)
  A dart slug (D:1)
  6 leopard geckos
  15 orcs
  A bat (D:2)
  4 giant cockroaches
  2 hobgoblins
  5 jackals
  3 quokkas
  2 frilled lizards (D:5)
  A leopard gecko skeleton (D:5)
  A leopard gecko zombie (D:8)
  A quokka skeleton (D:4)
  A quokka zombie (D:5)
  3 rats
  4 fungi
  11 plants
351 creatures vanquished.

Vanquished Creatures (collateral kills)
  A bullfrog (Lair:1)
1 creature vanquished.

Vanquished Creatures (others)
  A hydra (Lair:6)
  2 fauns (Shoals:4)
  2 yaks (Lair:6)
  A vampire mosquito (Lair:6)
  An insubstantial wisp (Lair:6)
  A fungus (Lair:2)
  11 plants
19 creatures vanquished.

Grand Total: 371 creatures vanquished

Notes
Turn   | Place    | Note
-------+----------+-------------------------------------------
     0 | D:1      | Flugslaktarn the Deep Dwarf Fighter began the quest for the
                  | Orb.
     0 | D:1      | Reached XP level 1. HP: 20/20 MP: 1/1
   133 | D:2      | Reached XP level 2. HP: 17/27 MP: 2/2
   306 | D:4      | Reached skill level 3 in Axes
   306 | D:4      | Reached XP level 3. HP: 18/34 MP: 3/3
   328 | D:4      | Reached XP level 4. HP: 41/42 MP: 4/4
   526 | D:4      | Noticed Sigmund
   527 | D:4      | Noticed Grinder
   527 | D:4      | Noticed a phantom
   532 | D:4      | Paralysed by Grinder for 4 turns
   550 | D:4      | Paralysed by Grinder for 5 turns
   575 | D:4      | Killed Grinder
   575 | D:4      | Reached skill level 4 in Axes
   575 | D:4      | Reached XP level 5. HP: 31/50 MP: 3/3
   575 | D:4      | Reached XP level 6. HP: 35/57 MP: 4/4
   586 | D:4      | Reached skill level 5 in Axes
   590 | D:4      | Killed Sigmund
   590 | D:4      | Reached XP level 7. HP: 49/64 MP: 5/5
   642 | D:4      | Noticed Eustachio
   703 | D:4      | Killed Eustachio
   703 | D:4      | Reached skill level 6 in Axes
   703 | D:4      | Reached skill level 5 in Armour
   703 | D:4      | Reached skill level 5 in Shields
   738 | D:4      | Found a shadowy altar of Dithmenos.
   860 | D:4      | Noticed Blork the orc
   867 | D:4      | Killed Blork the orc
  1040 | D:4      | Found a bloodstained altar of Trog.
  1178 | D:5      | Entered Level 5 of the Dungeon
  1192 | D:5      | Found a white marble altar of Elyvilon.
  1353 | D:5      | Reached XP level 8. HP: 47/73 MP: 5/5
  1421 | D:5      | Reached skill level 7 in Axes
  1742 | D:5      | Found a white marble altar of Elyvilon.
  1770 | D:5      | Reached skill level 5 in Fighting
  2199 | D:6      | Found a shattered altar of Ashenzari.
  2559 | D:6      | Found a snail-covered altar of Cheibriados.
  2650 | D:7      | Noticed Duvessa
  2650 | D:7      | Noticed Dowan
  2666 | D:7      | Killed Dowan
  2666 | D:7      | Reached skill level 8 in Axes
  2677 | D:7      | Killed Duvessa
  2812 | D:7      | Noticed Pikel
  2813 | D:7      | Found a basalt altar of Yredelemnul.
  2836 | D:7      | Killed Pikel
  2836 | D:7      | Gained mutation: You passively map the area around you.
                  | [Deep Dwarf growth]
  2836 | D:7      | Reached XP level 9. HP: 75/82 MP: 5/5
  2852 | D:7      | Found a staircase to the Ecumenical Temple.
  2857 | D:7      | Reached skill level 9 in Axes
  2869 | Temple   | Entered the Ecumenical Temple
  3177 | D:7      | Noticed Prince Ribbit
  3177 | D:7      | Noticed Joseph
  3211 | D:7      | Killed Joseph
  3258 | D:8      | Found a burning altar of Makhleb.
  3305 | D:8      | Became a worshipper of Makhleb the Destroyer
  3397 | D:8      | Reached skill level 1 in Invocations
  3426 | D:8      | Noticed Maggie
  3462 | D:8      | Killed Maggie
  3524 | D:8      | Reached skill level 10 in Axes
  3572 | D:8      | Reached XP level 10. HP: 49/92 MP: 2/2
  3573 | D:8      | Found a staircase to the Lair.
  3680 | D:8      | Found a glowing silver altar of Zin.
  3800 | D:8      | Found a stormy altar of Qazlal.
  3801 | D:8      | Noticed a two-headed ogre
  3824 | D:8      | Killed a two-headed ogre
  3993 | D:8      | Killed Prince Ribbit
  3993 | D:8      | Reached * piety under Makhleb
  4020 | Lair:1   | Entered Level 1 of the Lair of Beasts
  4020 | Lair:1   | Noticed an eight-headed hydra
  4031 | Lair:1   | Killed a two-headed hydra
  4125 | Lair:1   | Reached skill level 11 in Axes
  4202 | Lair:1   | Reached skill level 5 in Invocations
  4251 | Lair:1   | Reached XP level 11. HP: 67/100 MP: 3/5
  4580 | Lair:1   | Noticed Harold
  4595 | Lair:1   | Killed Harold
  4604 | Lair:1   | Noticed an ice dragon
  4627 | Lair:1   | Killed an ice dragon
  4873 | Lair:2   | Reached ** piety under Makhleb
  4960 | Lair:2   | Reached skill level 12 in Axes
  4972 | Lair:2   | Noticed Erica
  4981 | Lair:2   | Killed Erica
  5122 | Lair:2   | Found a staircase to the Shoals.
  5280 | Lair:2   | Noticed a six-headed hydra
  5302 | Lair:2   | Killed a one-headed hydra
  5863 | Lair:3   | Found a staircase to the Snake Pit.
  5967 | Lair:3   | You fall into a shaft and drop 3 floors!
  5967 | Lair:6   | Entered Level 6 of the Lair of Beasts
  5983 | Lair:6   | Killed a six-headed hydra
  6082 | Lair:6   | Noticed a swamp dragon
  6100 | Lair:6   | Killed a swamp dragon
  6100 | Lair:6   | Reached XP level 12. HP: 107/112 MP: 5/5
  6103 | Lair:6   | Noticed a fire dragon
  6131 | Lair:6   | Killed a fire dragon
  6131 | Lair:6   | Reached skill level 13 in Axes
  6202 | Lair:6   | Found a staircase to the Slime Pits.
  6215 | Lair:6   | Reached *** piety under Makhleb
  6254 | Lair:6   | Found a frozen archway.
  6266 | Lair:6   | Reached skill level 10 in Armour
  6266 | Lair:6   | Reached skill level 10 in Shields
  6296 | IceCv    | Entered an ice cave
  6749 | Lair:6   | Reached **** piety under Makhleb
  6895 | Lair:6   | Reached skill level 14 in Axes
  6958 | Lair:6   | Noticed a four-headed hydra
  6978 | Lair:6   | Killed a three-headed hydra
  7118 | Lair:6   | Noticed a death yak
  7118 | Lair:6   | Noticed a death yak
  7143 | Lair:6   | Killed a death yak
  7143 | Lair:6   | Reached XP level 13. HP: 48/121 MP: 4/4
  7434 | Lair:5   | Reached skill level 10 in Invocations
  8652 | Lair:4   | Found a hide-covered altar of Uskayaw.
  9464 | Lair:3   | Reached skill level 15 in Axes
  9651 | Lair:3   | Identified 2 scrolls of acquirement
  9651 | Lair:3   | Identified the +4 broad axe of Due Proportion {chaos, MR-
                  | Str+4 SInv} (You acquired it on level 3 of the Lair of
                  | Beasts)
  9652 | Lair:3   | Identified the ring of Qazlal's Whim {rPois Str+4 Int+3
                  | Dex+3} (You acquired it on level 3 of the Lair of Beasts)
  9696 | Lair:3   | Reached ***** piety under Makhleb
 10235 | Shoals:1 | Entered Level 1 of the Shoals
 10235 | Shoals:1 | Noticed a merfolk javelineer
 10242 | Shoals:1 | Killed a merfolk javelineer
 10259 | Shoals:1 | Noticed a merfolk impaler
 10286 | Shoals:1 | Killed a merfolk impaler
 10482 | Shoals:3 | Noticed a merfolk javelineer
 10495 | Shoals:3 | Killed a merfolk javelineer
 10509 | Shoals:3 | Reached skill level 10 in Fighting
 10541 | Shoals:3 | Gained mutation: You resist negative energy. (rN+) [Deep
                  | Dwarf growth]
 10541 | Shoals:3 | Reached XP level 14. HP: 115/132 MP: 6/6
 10591 | Shoals:4 | Entered Level 4 of the Shoals
 10812 | Shoals:4 | Reached skill level 16 in Axes
 10958 | Shoals:4 | Killed from afar by a merfolk aquamancer

Levels and vault maps discovered:
D:1:      lemuel_arrival_tunnels, layout_basic, nrook_mini_vaults
D:2:      wander_river, layout_loops_corners, minmay_misc_feat_nine_boxes,
          nrook_uturn
D:3:      layout_loops_ring, lemuel_doored_altar, lemuel_round_altar,
          first_ration, trog_butcher_becter
D:4:      layout_gridville, kennysheep_mini, chequers_serial_rivers_small_b,
          grunt_dithmenos_smoke_and_mirrors, uniq_blork_the_orc, uniq_sigmund,
          uniq_grinder, uniq_eustachio
D:5:      layout_loops_corners, nicolae_overflow_crystal_walls, elyvilon_altar_3
D:6:      layout_rooms, ashenzari_conservatory_becter, cheibrodos_worm_habitat
D:7:      layout_gridville, yredelemnul_altar_generic,
          minmay_temple_entry_drinking_statues, uniq_joseph,
          uniq_prince_ribbit1, uniq_duvessa, uniq_pikel
D:8:      layout_cave_pools, lemuel_round_altar,
          nicolae_qazlal_general_emergency, zin_statuary, david_lair_generic,
          uniq_maggie
Temple:   nicolae_temple_x_marks_the_god
Lair:1:   dragon1_lemuel, layout_chaotic_city, chequers_serial_rivers_small_3,
          uniq_harold
Lair:2:   cheibrodos_lair_river_kwai, layout_loops_ring,
          minmay_shoals_entry_centaurs, special_room, infiniplex_staircase_pool,
          uniq_erica
Lair:3:   layout_cave_pods, minmay_snake_entry_guardpost_small,
          chequers_serial_rivers_room_b, grunt_forest_stairs_basic
Lair:4:   layout_cave_pods, basic_altar, minmay_lair_oklob_chamber
Lair:5:   layout_small_grid, serial_bayou_pond_a, minivault_11,
          serial_bayou_shore_a, lemuel_fruit_fields
Lair:6:   hangedman_lair_in_review, layout_gridlike, guppyfry_lair_end_dragon,
          nicolae_slime_entry_slimehenge, portal_ice_cave_entry_pillars_2, pond
Shoals:1: layout_shoals
Shoals:2: layout_shoals
Shoals:3: layout_shoals
Shoals:4: shoals_end_grunt_garden, layout_shoals

Skill      XL: |  1  2  3  4  5  6  7  8  9 10 11 12 13 14 |
---------------+-------------------------------------------+-----
Fighting       | 3 4 5 6 7 8 9 10 | 10.4
Axes           | 3 4 5 6 8 10 11 12 14 15 16 | 16.1
Armour         | 4 5 6 7 8 9 10 11 12 | 12.1
Shields        | 4 5 6 7 8 9 10 11 12 | 12.2
Invocations    | 2 5 7 9 11 | 11.7

Action                   |  1- 3 |  4- 6 |  7- 9 | 10-12 | 13-15 || total
-------------------------+-------+-------+-------+-------+-------++-------
Melee: War axe           |    57 |    63 |   102 |   580 |   216 ||  1018
       Hand axe          |       |       |   402 |   106 |    12 ||   520
       Broad axe         |       |       |       |       |   231 ||   231
 Abil: Heal Wounds       |     2 |     6 |    22 |    28 |     7 ||    65
Evoke: Wand              |       |       |       |       |     5 ||     5
  Use: Potion            |       |       |     2 |     2 |     5 ||     9
       Scroll            |       |       |       |    13 |    19 ||    32
 Stab: Held in net/web   |       |       |       |     1 |       ||     1
       Petrified         |       |       |       |       |     6 ||     6
       Invisible         |       |       |       |       |     1 ||     1
       Sleeping          |       |       |       |       |     1 ||     1
  Eat: Chunk             |       |       |    10 |     9 |    13 ||    32
       Ration            |       |       |       |     1 |       ||     1
Armor: Scale mail        |    19 |    45 |   232 |     3 |       ||   299
       Chain mail        |       |       |       |   205 |       ||   205
       Skin              |       |       |       |    29 |       ||    29
       Plate armour      |       |       |       |    73 |   274 ||   347
Dodge: Dodged            |    14 |    22 |   179 |   167 |   101 ||   483
Block: Kite shield       |    42 |    44 |   298 |   555 |   420 ||  1359
       Reflection        |       |       |       |     8 |    27 ||    35

Table legend:
 A = Non-vault XP
 B = Vault XP
 C = Vault XP percentage of total XP
 D = Non-vault monster count
 E = Vault monster count
 F = Vault count percentage of total count
                 A         B        C        D         E       F
            +---------+---------+-------+---------+---------+-------
      Total |   46477 |   36323 |  43.9 |     245 |      95 |  27.9
            +---------+---------+-------+---------+---------+-------
        D:1 |       7 |       0 |   0.0 |       3 |       0 |   0.0
        D:2 |      19 |       0 |   0.0 |       4 |       0 |   0.0
        D:3 |       5 |       0 |   0.0 |       3 |       0 |   0.0
        D:4 |     512 |     753 |  59.5 |      21 |       4 |  16.0
        D:5 |     771 |       0 |   0.0 |      28 |       0 |   0.0
        D:6 |     239 |       5 |   2.0 |       8 |       1 |  11.1
        D:7 |     453 |    1355 |  74.9 |      10 |       4 |  28.6
        D:8 |    1572 |    1373 |  46.6 |      22 |       6 |  21.4
     Lair:1 |    4595 |    1889 |  29.1 |      24 |       2 |   7.7
     Lair:2 |    2187 |    3785 |  63.4 |      10 |      10 |  50.0
     Lair:3 |    3703 |     332 |   8.2 |      16 |       2 |  11.1
     Lair:4 |    5527 |       0 |   0.0 |      22 |       0 |   0.0
     Lair:5 |    2151 |       0 |   0.0 |      11 |       0 |   0.0
     Lair:6 |    8017 |   13983 |  63.6 |      29 |      42 |  59.2
   Shoals:1 |    3219 |       0 |   0.0 |       4 |       0 |   0.0
   Shoals:3 |    7672 |       0 |   0.0 |      15 |       0 |   0.0
   Shoals:4 |    5828 |    9909 |  63.0 |      15 |      16 |  51.6
      IceCv |       0 |    2939 | 100.0 |       0 |       8 | 100.0
            +---------+---------+-------+---------+---------+-------
